 Dungeon Crawl Stone Soup version 0.25-a0-667-gb977e01cb5 (webtiles) character file.

Game seed: 15868371339831695202, levelgen mode: deterministic

404 kae the Conjurer (level 6, -4/32 HPs)
             Began as a Tengu Air Elementalist on Mar 27, 2020.
             Slain by Eustachio
             ... wielding a +0 rapier of flaming
              (10 damage)
             ... on level 5 of the Dungeon.
             The game lasted 00:04:21 (4532 turns).

kae the Conjurer (Tengu Air Elementalist)           Turns: 4532, Time: 00:04:21

Health: -4/32      AC:  2    Str:  8    XL:     6   Next: 86%
Magic:  5/12       EV: 15    Int: 18    God:
Gold:   246        SH:  0    Dex: 14    Spells: 4/12 levels left

rFire    . . .     SeeInvis .   l - +0 war axe
rCold    . . .     Gourm    .   (no shield)
rNeg     . . .     Faith    .   a - +0 robe
rPois    .         Spirit   .   (helmet restricted)
rElec    .         Reflect  .   (no cloak)
rCorr    .         Harm     .   (no gloves)
MR       .....                  (boots unavailable)
Stlth    ++........             e - amulet of the acrobat
HPRegen  0.10/turn              (no ring)
MPRegen  0.13/turn              (no ring)

@: flying quickly and evasively, quick
A: beak, talons 3, able to fly
a: Stop Flying


You were on level 5 of the Dungeon.
You were not hungry.

You visited 1 branch of the dungeon, and saw 5 of its levels.

You collected 246 gold pieces.

Inventory:

Hand Weapons
 l - a +0 war axe (weapon)
Armour
 a - a +0 robe (worn)
Jewellery
 e - an amulet of the acrobat (around neck)
Wands
 m - a wand of disintegration (11)
Scrolls
 h - 3 scrolls of fear
 n - 2 scrolls of teleportation
 p - a scroll of remove curse
Potions
 b - 2 potions of berserk rage
 d - a potion of stabbing {unknown}
 f - a potion of cancellation {unknown}
 g - 2 potions of curing {unknown}
 i - 2 potions of mutation {unknown}
 j - 2 potions of invisibility {unknown}
 k - a potion of haste {unknown}
 o - 3 potions of heal wounds {unknown}
Comestibles
 c - 11 rations


   Skills:
 - Level 2.1 Dodging
 - Level 2.0 Stealth
 + Level 3.7 Spellcasting
 + Level 6.1 Conjurations
 + Level 6.1 Air Magic


You had 4 spell levels left.
You knew the following spells:

 Your Spells              Type           Power        Failure   Level  Hunger
a - Shock                 Conj/Air       ####         1%          1    None
b - Static Discharge      Conj/Air       ####....     3%          3    ###....
c - Airstrike             Air            ####......   12%         4    ####...

Your spell library contained the following spells:

 Spells                   Type           Power        Failure   Level  Hunger
 Swiftness                Chrm/Air       ##......     6%          2    ##.....
 Lightning Bolt           Conj/Air       ####......   34%         5    ######.


Dungeon Overview and Level Annotations

Branches:
Dungeon (5/15)
 Temple: D:4-7

Altars:
Hepliaklqana
Nemelex Xobeh
Okawaru
Sif Muna
Uskayaw

Annotations:
D:5 exclusions: ogre and 2 slaves, Eustachio, Ijyb, Pikel, Sigmund


Innate Abilities, Weirdness & Mutations

You have a beak for a mouth.
You have claws for feet.
You can fly continuously.


Message History

The river rat barely misses you.
Casting: Static Discharge (safe; 3% risk of failure)
Confirm with . or Enter, or press ? or * to list all spells.
The river rat is struck by an arc of lightning!
You kill the river rat!
The river rat's corpse disappears in a puff of smoke!
The quokka is struck by an arc of lightning!
You kill the quokka!
The quokka's corpse disappears in a puff of smoke!
The lightning grounds out.
Eustachio hits you with a +0 rapier of flaming!
* * * LOW HITPOINT WARNING * * *
Eustachio burns you.
* * * LOW HITPOINT WARNING * * *
Eustachio misses you.
There is an escape hatch in the ceiling here.
You hit Eustachio. You peck Eustachio, but do no damage.
Eustachio is lightly wounded.
Eustachio hits you with a +0 rapier of flaming!
You die...

######## ##......##
##........## #..........#
#########.....>.>..#
##.....##...........#
..##...@...............#
#.#...@................#
#.......).............##
........................#
#........................
###.....................#
#.#............>.......#
#..#....................
....#......#.......>....


You could see Eustachio.

Vanquished Creatures
  A scorpion (D:5)
  A centaur zombie (D:4)
  2 jellies
  A centaur skeleton (D:4)
  An iguana (D:5)
  3 worker ants
  4 adders
  2 worms
  An adder skeleton (D:5)
  2 dart slugs (D:1)
  5 leopard geckos
  8 orcs
  A ball python (D:3)
  12 bats
  6 giant cockroaches
  7 goblins
  4 hobgoblins (D:1)
  2 jackals (D:1)
  4 quokkas
  A frilled lizard (D:2)
  11 kobolds
  3 rats
82 creatures vanquished.

Notes
Turn   | Place    | Note
-------+----------+-------------------------------------------
     0 | D:1      | kae the Tengu Air Elementalist began the quest for the Orb.
     0 | D:1      | Reached XP level 1. HP: 10/10 MP: 4/4
   175 | D:1      | Reached XP level 2. HP: 10/15 MP: 0/6
   942 | D:1      | Reached XP level 3. HP: 12/19 MP: 1/7
  1544 | D:2      | Learned a level 3 spell: Static Discharge
  1642 | D:2      | Reached XP level 4. HP: 18/24 MP: 1/8
  1877 | D:2      | HP: 1/24 [poisoned by an adder]
  2803 | D:3      | Found a hide-covered altar of Uskayaw.
  2905 | D:3      | Found a sparkling altar of Nemelex Xobeh.
  3164 | D:3      | Found a hazy altar of Hepliaklqana.
  3283 | D:3      | Reached skill level 5 in Air Magic
  3339 | D:4      | Gained mutation: You can fly continuously. [Tengu growth]
  3339 | D:4      | Reached XP level 5. HP: 26/28 MP: 7/10
  3459 | D:4      | Reached skill level 5 in Conjurations
  3569 | D:4      | Found a shimmering blue altar of Sif Muna.
  3569 | D:4      | Found an iron altar of Okawaru.
  3900 | D:4      | Reached XP level 6. HP: 23/32 MP: 6/11
  4137 | D:5      | Entered Level 5 of the Dungeon
  4146 | D:5      | Noticed Sigmund
  4324 | D:5      | Noticed Ijyb
  4413 | D:5      | Noticed a slave
  4413 | D:5      | Noticed a slave
  4434 | D:5      | Noticed Pikel
  4509 | D:5      | Noticed Eustachio
  4523 | D:5      | Learned a level 4 spell: Airstrike
  4532 | D:5      | Slain by Eustachio

Levels and vault maps discovered:
D:1:      psy_arrival_basics, layout_basic
D:2:      layout_loops_ring, chequers_avenue
D:3:      layout_basic, lemuel_crystal_altar, eat_drink_and_be_merry_uskayaw,
          nemelex_xobeh_ov_fountains_minmay, first_ration
D:4:      layout_rooms, gammafunk_temple_overflow_elements,
          serial_bayou_crossing
D:5:      layout_rooms, temple_fountains, minmay_misc_feat_diagonals,
          uniq_grinder, uniq_pikel, uniq_ijyb, uniq_menkaure, uniq_sigmund,
          uniq_eustachio

Skill      XL: |  1  2  3  4  5  6 |
---------------+-------------------+-----
Conjurations   | 2 3 4 5 6 |  6.1
Air Magic      | 5 6 |  6.1
Spellcasting   | 3 |  3.7
Dodging        | |  2.1
Stealth        | |  2.0

Action                   |  1- 3 |  4- 6 || total
-------------------------+-------+-------++-------
Melee: Unarmed           |    30 |    15 ||    45
       Kick              |     8 |    11 ||    19
       Peck              |     2 |     7 ||     9
       War axe           |       |    19 ||    19
 Cast: Shock             |    63 |   124 ||   187
       Static Discharge  |       |     2 ||     2
 Abil: Fly               |       |     1 ||     1
  Use: Scroll            |     2 |     7 ||     9
 Stab: Sleeping          |       |     1 ||     1
  Eat: Chunk             |     3 |     9 ||    12
Armor: Robe              |    12 |     7 ||    19
Dodge: Dodged            |    31 |    68 ||    99

Table legend:
 A = Non-vault XP
 B = Vault XP
 C = Vault XP percentage of total XP
 D = Non-vault monster count
 E = Vault monster count
 F = Vault count percentage of total count
                 A         B        C        D         E       F
            +---------+---------+-------+---------+---------+-------
      Total |     578 |       0 |   0.0 |      82 |       0 |   0.0
            +---------+---------+-------+---------+---------+-------
        D:1 |      47 |       0 |   0.0 |      24 |       0 |   0.0
        D:2 |      67 |       0 |   0.0 |      17 |       0 |   0.0
        D:3 |      48 |       0 |   0.0 |      23 |       0 |   0.0
        D:4 |     226 |       0 |   0.0 |      12 |       0 |   0.0
        D:5 |     190 |       0 |   0.0 |       6 |       0 |   0.0
            +---------+---------+-------+---------+---------+-------
